 Dungeon Crawl Stone Soup version 0.22.0-38-g04b72b8 (webtiles) character file.

693 Lew the Shield-Bearer (level 7, -2/60 HPs)
             Began as a Gnoll Fighter on Aug 28, 2018.
             Was a Believer of Cheibriados.
             Killed from afar by an electric eel (14 damage)
             ... with a bolt of electricity
             ... on level 6 of the Dungeon.
             The game lasted 00:07:00 (2946 turns).

Lew the Shield-Bearer (Gnoll Fighter)               Turns: 2946, Time: 00:07:00

Health: -2/60      AC:  7    Str: 25    XL:     7   Next: 64%
Magic:  10/10      EV: 10    Int: 13    God:    Cheibriados [**....]
Gold:   34         SH: 12    Dex: 19    Spells: 11/11 levels left

rFire    . . .     SeeInvis .   a - +0 long sword
rCold    . . .     Gourm    .   c - +0 shield
rNeg     . . .     Faith    .   b - +0 scale mail
rPois    .         Spirit   .   (no helmet)
rElec    .         Reflect  .   (no cloak)
rCorr    .         Harm     .   (no gloves)
MR       ++...     Rnd*Rage +   (no boots)
Stlth    +.........             s - necklace of Bloodlust {*Rage +Rage MR++ Int-3 Slay+6 *Curse}
HPRegen  0.20/turn              (no ring)
MPRegen  0.12/turn              (no ring)

@: drained, very slow
A: distributed training, fangs 1, strong nose
a: Bend Time, Renounce Religion, Evoke Berserk Rage


You were on level 6 of the Dungeon.
You worshipped Cheibriados.
Cheibriados was pleased with you.
You were not hungry.

You visited 1 branch of the dungeon, and saw 5 of its levels.

You collected 169 gold pieces.
You spent 135 gold pieces at shops.

Inventory:

Hand Weapons
 a - a +0 long sword (weapon)
Armour
 b - a +0 scale mail (worn)
 c - a +0 shield (worn)
Jewellery
 s - the necklace of Bloodlust (around neck) {*Rage +Rage MR++ Int-3 Slay+6 *Curse}
   (You found it on level 6 of the Dungeon)

   [amulet of rage]

   It affects your intelligence (-3).
   It affects your accuracy and damage with ranged weapons and melee attacks
   (+6).
   It affects your resistance to hostile enchantments.
   It lets you go berserk.
   It may make you go berserk in combat.
   It curses itself when equipped.
Wands
 n - a wand of paralysis (10)
Scrolls
 g - a scroll of fog
 i - a scroll of magic mapping
 k - a scroll of enchant weapon
 l - a scroll of amnesia {unknown}
 m - a scroll of enchant armour {unknown}
 p - a scroll of teleportation
 q - a scroll of random uselessness {unknown}
 r - a scroll of remove curse
Potions
 d - 2 potions of cancellation {unknown}
 e - 2 potions of resistance {unknown}
 h - a potion of flight {unknown}
 j - 5 potions of curing
 o - a potion of heal wounds {unknown}
Comestibles
 f - 4 rations


   Skills:
 + Level 7.1(6.9) Fighting
 + Level 2.5(2.4) Short Blades
 + Level 5.3(5.1) Long Blades
 + Level 2.5(2.4) Axes
 + Level 2.5(2.4) Maces & Flails
 + Level 2.5(2.4) Polearms
 + Level 2.5(2.4) Staves
 + Level 2.5(2.4) Slings
 + Level 2.5(2.4) Bows
 + Level 2.5(2.4) Crossbows
 + Level 2.5(2.4) Throwing
 + Level 7.1(6.9) Armour
 + Level 2.5(2.4) Dodging
 + Level 2.5(2.4) Stealth
 + Level 7.1(6.9) Shields
 + Level 2.5(2.4) Unarmed Combat
 + Level 2.5(2.4) Spellcasting
 + Level 2.1(1.9) Conjurations
 + Level 2.1(1.9) Hexes
 + Level 2.1(1.9) Charms
 + Level 2.1(1.9) Summonings
 + Level 2.1(1.9) Necromancy
 + Level 2.1(1.9) Translocations
 + Level 2.1(1.9) Transmutations
 + Level 2.1(1.9) Fire Magic
 + Level 2.1(1.9) Ice Magic
 + Level 2.1(1.9) Air Magic
 + Level 2.1(1.9) Earth Magic
 + Level 2.1(1.9) Poison Magic
 + Level 2.8(2.7) Invocations
 + Level 2.5(2.4) Evocations


You had 11 spell levels left.
You didn't know any spells.
Your spell library was empty.

Dungeon Overview and Level Annotations

Branches:
Dungeon (6/15)
 Temple: D:4-7

Altars:
Cheibriados
Fedhas

Shops:
D:6 ?

Annotations:
D:6 1 runed door, MothsLongingForFire's ghost, novice OgMo


Innate Abilities, Weirdness & Mutations

Your experience applies equally to all skills.
You have very sharp teeth.
Your uncanny sense of smell can sniff out nearby items.


Message History

As you open the door, it creaks loudly!
The electric eel shoots out a bolt of lightning at you!
The bolt of electricity hits the plant.
The bolt of electricity hits you!
The electric eel shoots out a bolt of lightning at you!
The bolt of electricity hits the plant.
The bolt of electricity hits you!
There is an open door here.
The electric eel shoots out a bolt of lightning at you!
The bolt of electricity hits the plant.
The plant appears unharmed.
The bolt of electricity misses you.
The electric eel shoots out a bolt of lightning at you!
The bolt of electricity hits you!
The electric eel shoots out a bolt of lightning at you!
The bolt of electricity hits the plant.
The bolt of electricity hits you! x2
* * * LOW HITPOINT WARNING * * *
The electric eel shoots out a bolt of lightning at you!
The bolt of electricity hits the plant. x2; The bolt of electricity hits you!
* * * LOW HITPOINT WARNING * * *
The electric eel shoots out a bolt of lightning at you!
The bolt of electricity hits you!
You die...

##.########.##.........
#≈##..P≈:≈##.##...÷...#
#≈#....≈;;≈#.##.......#
#≈#....≈)$≈#.##.......#
#.#+...P.≈≈#.#####....#
#..#..≈..≈##≈#####....#
##.##########≈##......#
#≈≈##..P$?≈##)#......#
##)#.@.PP.≈≈#.#.......
#≈#....P%;≈#.#....... ∆
#.#'.....;≈#.###.....
#..#..P≈$;##'###.....
##.########...##.....
### ................
#...............
#........(......
#...............


You could see 3 electric eels.

Vanquished Creatures
  A phantom (D:3)
  A centaur (D:3)
  2 bullfrogs (D:6)
  2 scorpions
  A wight (D:6)
  A jelly (D:6)
  An orc wizard (D:6)
  A bullfrog skeleton (D:6)
  2 iguanas
  A worker ant (D:4)
  4 adders
  A shadow imp (D:6)
  2 worms
  3 dart slugs (D:3)
  2 leopard geckos
  2 orcs
  3 bats
  4 giant cockroaches
  3 goblins
  4 hobgoblins
  3 jackals (D:1)
  5 kobolds
  2 quokkas (D:6)
  A ball python (D:3)
  3 frilled lizards (D:1)
  A leopard gecko zombie (D:2)
  A quokka skeleton (D:6)
  9 rats
66 creatures vanquished.

Vanquished Creatures (others)
  A plant (D:3)
1 creature vanquished.

Grand Total: 67 creatures vanquished

Notes
Turn   | Place    | Note
-------+----------+-------------------------------------------
     0 | D:1      | Lew the Gnoll Fighter began the quest for the Orb.
     0 | D:1      | Reached XP level 1. HP: 23/23 MP: 1/1
    97 | D:1      | Reached XP level 2. HP: 29/29 MP: 2/2
   122 | D:1      | Found a snail-covered altar of Cheibriados.
   182 | D:1      | Became a worshipper of Cheibriados the Contemplative
   837 | D:2      | Reached XP level 3. HP: 31/35 MP: 3/3
  1025 | D:2      | You fall through a shaft for 2 floors!
  1059 | D:4      | Noticed a scorpion
  1076 | D:4      | Killed a scorpion
  1076 | D:4      | Reached skill level 1 in Short Blades
  1076 | D:4      | Reached skill level 1 in Axes
  1076 | D:4      | Reached skill level 1 in Maces & Flails
  1076 | D:4      | Reached skill level 1 in Polearms
  1076 | D:4      | Reached skill level 1 in Staves
  1076 | D:4      | Reached skill level 1 in Slings
  1076 | D:4      | Reached skill level 1 in Bows
  1076 | D:4      | Reached skill level 1 in Crossbows
  1076 | D:4      | Reached skill level 1 in Throwing
  1076 | D:4      | Reached skill level 1 in Dodging
  1076 | D:4      | Reached skill level 1 in Stealth
  1076 | D:4      | Reached skill level 1 in Unarmed Combat
  1076 | D:4      | Reached skill level 1 in Spellcasting
  1076 | D:4      | Reached skill level 1 in Invocations
  1076 | D:4      | Reached skill level 1 in Evocations
  1076 | D:4      | Reached XP level 4. HP: 41/41 MP: 3/5
  1078 | D:4      | Reached skill level 1 in Conjurations
  1078 | D:4      | Reached skill level 1 in Hexes
  1078 | D:4      | Reached skill level 1 in Charms
  1078 | D:4      | Reached skill level 1 in Summonings
  1078 | D:4      | Reached skill level 1 in Necromancy
  1078 | D:4      | Reached skill level 1 in Translocations
  1078 | D:4      | Reached skill level 1 in Transmutations
  1078 | D:4      | Reached skill level 1 in Fire Magic
  1078 | D:4      | Reached skill level 1 in Ice Magic
  1078 | D:4      | Reached skill level 1 in Air Magic
  1078 | D:4      | Reached skill level 1 in Earth Magic
  1078 | D:4      | Reached skill level 1 in Poison Magic
  1115 | D:4      | Reached * piety under Cheibriados
  1128 | D:4      | Reached XP level 5. HP: 43/47 MP: 5/7
  1558 | D:3      | Noticed a phantom
  1576 | D:3      | Killed a phantom
  1576 | D:3      | Reached XP level 6. HP: 40/53 MP: 8/8
  1600 | D:3      | Found a blossoming altar of Fedhas.
  1785 | D:3      | Reached skill level 5 in Long Blades
  1902 | D:3      | Reached ** piety under Cheibriados
  1928 | D:3      | You fall through a shaft for 3 floors!
  1964 | D:6      | Noticed MothsLongingForFire's ghost (novice OgMo)
  1980 | D:6      | Found a runed door.
  1989 | D:6      | Reached XP level 7. HP: 38/59 MP: 10/10
  2162 | D:6      | Found Jeckoko's Magic Scroll Shop.
  2176 | D:6      | Bought a scroll of identify for 30 gold pieces
  2176 | D:6      | Bought a scroll of identify for 30 gold pieces
  2176 | D:6      | Bought a scroll of identify for 30 gold pieces
  2184 | D:6      | Bought a scroll of teleportation for 45 gold pieces
  2244 | D:6      | Found the cursed necklace of Bloodlust {*Rage +Rage MR++ Int-3 Slay+6 *Curse}
  2946 | D:6      | Killed from afar by an electric eel

Skill      XL: |  1  2  3  4  5  6  7 |
---------------+----------------------+-----
Short Blades   | 1 2 |  2.5
Axes           | 1 2 |  2.5
Maces & Flails | 1 2 |  2.5
Polearms       | 1 2 |  2.5
Staves         | 1 2 |  2.5
Slings         | 1 2 |  2.5
Bows           | 1 2 |  2.5
Crossbows      | 1 2 |  2.5
Throwing       | 1 2 |  2.5
Dodging        | 1 2 |  2.5
Stealth        | 1 2 |  2.5
Unarmed Combat | 1 2 |  2.5
Spellcasting   | 1 2 |  2.5
Invocations    | 1 2 |  2.8
Evocations     | 1 2 |  2.5
Conjurations   | 1 2 |  2.1
Hexes          | 1 2 |  2.1
Charms         | 1 2 |  2.1
Summonings     | 1 2 |  2.1
Necromancy     | 1 2 |  2.1
Translocations | 1 2 |  2.1
Transmutations | 1 2 |  2.1
Fire Magic     | 1 2 |  2.1
Ice Magic      | 1 2 |  2.1
Air Magic      | 1 2 |  2.1
Earth Magic    | 1 2 |  2.1
Poison Magic   | 1 2 |  2.1
Long Blades    | 5 |  5.3
Fighting       | 7 |  7.1
Armour         | 7 |  7.1
Shields        | 7 |  7.1

Action                   |  1- 3 |  4- 6 |  7- 9 || total
-------------------------+-------+-------+-------++-------
Melee: Long sword        |    59 |   152 |    18 ||   229
       Bite              |     5 |    24 |     6 ||    35
Evoke: Wand              |       |       |     1 ||     1
  Use: Potion            |     4 |     1 |       ||     5
       Scroll            |     3 |       |     4 ||     7
  Eat: Chunk             |     1 |     1 |     2 ||     4
Armor: Scale mail        |    26 |    44 |     4 ||    74
Dodge: Dodged            |    16 |    57 |     5 ||    78
Block: Shield            |    31 |   115 |    11 ||   157
       Rpst.: Long sword |     5 |    10 |     3 ||    18
